 Dungeon Crawl Stone Soup version 0.29-a0-207-gf982a884d8 (webtiles) character file.

Game seed: 17833954579090906215

11017 Zeldest the Covert (level 12, -3/115 HPs)
             Began as a Kobold Delver on Feb 23, 2022.
             Was a Believer of Dithmenos.
             Slain by a minotaur
             ... wielding a staff of air
              (10 damage)
             ... in a Gauntlet.
             The game lasted 00:33:28 (15220 turns).

Zeldest the Covert (Kobold Delver)                 Turns: 15220, Time: 00:33:28

Health: -3/115     AC: 12    Str: 10    XL:     12   Next: 2%
Magic:  17/17      EV: 21    Int: 15    God:    Dithmenos [**....]
Gold:   191        SH:  0    Dex: 21    Spells: 11/11 levels left

rFire   . . .      SeeInvis .   b - +4 rapier
rCold   + . .      Faith    .   (no shield)
rNeg    . . .      Spirit   .   G - +0 acid dragon scales
rPois   .          Reflect  .   (no helmet)
rElec   .          Harm     .   w - +0 cloak {Stlth+}
rCorr   +          Rampage  +   d - +2 pair of gloves {Stlth+}
Will    .....      NoTele   +   f - +1 pair of boots {rampage}
Stlth   ..........              (no amulet)
HPRegen 0.29/turn               r - ring "Momin" {rC+ Int+4}
MPRegen 0.15/turn               j - +4 ring of slaying

@: berserking, wreathed by umbra, invisible, very quick
A: small, no large weapons, nightstalker 3
a: Renounce Religion, Shadow Step


You were in a Gauntlet.
You worshipped Dithmenos.
Dithmenos was pleased with you.
You visited 2 branches of the dungeon, and saw 12 of its levels.
You also visited: Gauntlet.

You collected 420 gold pieces.
You spent 229 gold pieces at shops.

Inventory:

Hand Weapons
 a - a +0 dagger
 b - a +4 rapier (weapon)
 E - a +5 scimitar
 F - a +1 scimitar of flaming
Missiles
 C - 5 curare-tipped darts (quivered)
Armour
 d - a +2 pair of gloves of stealth (worn)
 f - a +1 pair of boots of rampaging (worn)
 w - a +0 cloak of stealth (worn)
 y - a +0 pair of boots
 A - a +0 kite shield
 G - +0 acid dragon scales (worn)
Jewellery
 j - a +4 ring of slaying (right hand)
 k - the ring of Vyolleod {rCorr Str+5}
   (You bought it in a shop on level 7 of the Dungeon)

   [ring of resist corrosion]

   Str:       It affects your strength (+5).
   rCorr:     It protects you from acid and corrosion.
 o - a ring of fire
 r - the ring "Momin" (left hand) {rC+ Int+4}
   (You took it off a hobgoblin on level 3 of the Dungeon)

   [ring of protection from cold]

   Int:       It affects your intelligence (+4).
   rC:        It protects you from cold.
 I - a ring of resist corrosion
 J - a +4 ring of protection
Wands
 g - a wand of digging (2)
 m - a wand of paralysis (7)
Scrolls
 c - 4 scrolls of fog
 i - 3 scrolls of teleportation
 n - 2 scrolls of noise
 x - a scroll of enchant armour
 z - a scroll of amnesia
Potions
 h - 2 potions of brilliance
 l - 2 potions of resistance
 q - 2 potions of lignification
 t - 7 potions of curing
 u - 2 potions of attraction
 v - 3 potions of flight
 B - a potion of mutation {unknown}


   Skills:
 + Level 9.8 Fighting
 + Level 11.2 Short Blades
 + Level 10.4 Dodging
 + Level 13.5 Stealth
 + Level 7.8 Invocations


You had 11 spell levels left.
You didn't know any spells.
Your spell library contained the following spells:

 Spells                   Type           Power      Damage    Failure   Level
 Freeze                   Ice            0%         1d3       41%         1
 Ensorcelled Hibernation  Hex/Ice        0%         N/A       54%         2
 Scorch                   Fire           0%         2d5       54%         2
 Frozen Ramparts          Ice            0%         1d2       78%         3
 Gell's Gravitas          Tloc           0%         N/A       78%         3
 Inner Flame              Hex/Fire       0%         N/A       78%         3
 Spider Form              Tmut/Pois      0%         N/A       78%         3
 Teleport Other           Tloc           0%         N/A       78%         3
 Anguish                  Hex/Necr       0%         N/A       99%         4
 Cause Fear               Hex            0%         N/A       99%         4
 Flame Wave               Conj/Fire      0%         2d4       99%         4
 Hailstorm                Conj/Ice       0%         3d3       99%         4
 Fireball                 Conj/Fire      0%         3d3       100%        5
 Iskenderun's Battlesphe  Conj           0%         2d6       100%        5
 Conjure Ball Lightning   Conj/Air       0%         3x3d6     100%        6
 Dispersal                Tloc           0%         N/A       100%        6
 Summon Cactus Giant      Summ           0%         N/A       100%        6
 Orb of Destruction       Conj           0%         9d5       100%        7
 Discord                  Hex            0%         N/A       100%        8


Dungeon Overview and Level Annotations

Branches:
Dungeon (11/15)            Temple (1/1) D:6            Lair (0/6) D:10
    Orc (0/2) D:11        Gauntlet (1/1)

Altars:
Ashenzari
Cheibriados
Dithmenos
Elyvilon
Fedhas
Gozag
Hepliaklqana
Kikubaaqudgha
Makhleb
Nemelex Xobeh
Okawaru
Qazlal
Ru
Sif Muna
Trog
Uskayaw
Vehumet
Wu Jian
Xom
Zin
The Shining One

Shops:
D:7 *=***

Annotations:
D:9 exclusion: ice statue Gauntlet 1 runed translucent door, 1 transporter, exclusion: 2 lightning spires


Innate Abilities, Weirdness & Mutations

You are small and have problems with some larger weapons.
You are completely attuned to the shadows.


Message History

* * * LOW HITPOINT WARNING * * *
You are electrocuted!
* * * LOW HITPOINT WARNING * * *
The minotaur completely misses you.
You feel much better.
The minotaur hits you with a staff of air!!
* * * LOW HITPOINT WARNING * * *
You are electrocuted!
* * * LOW HITPOINT WARNING * * *
The minotaur closely misses you.
You feel much better.
The minotaur hits you with a staff of air!
* * * LOW HITPOINT WARNING * * *
You are electrocuted!
* * * LOW HITPOINT WARNING * * *
The minotaur gores you but does no damage.
You feel much better.
The minotaur hits you with a staff of air.
You are electrocuted!
* * * LOW HITPOINT WARNING * * *
The minotaur barely misses you.
Okay, then.
Okay, then.
There is a gate leading back out of this place here.
Items here: [[[ }.
You completely miss the minotaur. The minotaur closely misses you.
The minotaur completely misses you.
Okay, then.
A red film seems to cover your vision as you go berserk!
You feel yourself moving faster!
You feel mighty! The minotaur closely misses you. The minotaur gores you!
* * * LOW HITPOINT WARNING * * *
You barely miss the minotaur.
You catch the helpless minotaur completely off-guard!
You skewer the minotaur like a kebab!!!
The minotaur is severely wounded.
The minotaur hits you with a staff of air!
* * * LOW HITPOINT WARNING * * *
You are electrocuted!
You die...

.©.©.©.©.♣.♣.#
.............#
#######.#########
#.#...........#
#.#####.#####.#
#.#.........#.#
#.#.###.###.#.#
#.# #H.⌠# #.# #.#
#.@.# #.# #.##
#⌠.⌠# ##.# #..#
##### #..# ##.#
#.##
#.#########.#
#...........#
#############


You could see a minotaur.

Vanquished Creatures
  Erolcha (D:10)
  Erica (D:9)
  A two-headed ogre (D:9)
  A death scarab (Gauntlet)
  Pikel (D:9)
  A worldbinder (Gauntlet)
  Joseph (D:10)
  4 ice devils (D:9)
  A spectral lindwurm (Gauntlet)
  2 shadows
  A wyvern (D:7)
  A wraith (D:10)
  12 yaks
  A spriggan (shapeshifter) (D:7)
  Grum (D:8)
  4 vampire mosquitoes (D:9)
  Menkaure (D:5)
  An acid dragon (D:10)
  A water moccasin (D:6)
  2 orc warriors
  A necrophage (D:5)
  An ogre (D:6)
  4 black bears
  3 wolves
  A boggart (Gauntlet)
  2 centaurs (D:10)
  2 lemures (D:9)
  5 scorpions
  3 bullfrogs
  12 wights
  3 killer bees (D:10)
  2 howler monkeys (D:9)
  A bullfrog zombie (D:7)
  A centaur zombie (D:9)
  3 orc priests
  2 hounds
  A bullfrog skeleton (D:6)
  2 orc wizards (D:7)
  An iguana (D:7)
  A hound zombie (D:5)
  2 howler monkey zombies
  3 gnolls (D:4)
  4 adders
  2 white imps
  6 ufetubi (D:9)
  3 worms
  A dart slug (D:3)
  20 orcs
  7 ball pythons
  6 bats
  6 endoplasms
  2 giant cockroaches
  8 hobgoblins
  2 jackals (D:3)
  5 kobolds
  4 quokkas
  3 frilled lizards
  14 goblins
  5 rats
193 creatures vanquished.

Vanquished Creatures (others)
  A fungus (D:10)
  A plant (D:10)
2 creatures vanquished.

Grand Total: 195 creatures vanquished

Notes
Turn   | Place    | Note
-------+----------+-------------------------------------------
     0 | D:5      | Zeldest the Kobold Delver began the quest for the Orb.
     0 | D:5      | Reached XP level 1. HP: 14/14 MP: 1/1
    76 | D:4      | Reached XP level 2. HP: 19/19 MP: 2/2
   266 | D:3      | Reached XP level 3. HP: 23/23 MP: 3/3
   770 | D:1      | Reached skill level 7 in Stealth
  1196 | D:1      | Reached XP level 4. HP: 29/29 MP: 4/4
  2631 | D:3      | Identified the ring "Momin" {rC+ Int+4}
  2985 | D:3      | Found a faded altar of an unknown god.
  3076 | D:3      | Reached XP level 5. HP: 30/33 MP: 5/5
  3552 | D:4      | Found an ancient bone altar of Kikubaaqudgha.
  3621 | D:4      | Found a radiant altar of Vehumet.
  3900 | D:4      | Reached XP level 6. HP: 11/39 MP: 6/6
  4452 | D:5      | Noticed Menkaure
  4456 | D:5      | Killed Menkaure
  4457 | D:5      | Reached skill level 5 in Short Blades
  4457 | D:5      | Reached skill level 8 in Stealth
  4457 | D:5      | Reached XP level 7. HP: 44/44 MP: 7/7
  4476 | D:5      | Found a stormy altar of Qazlal.
  4499 | D:5      | Reached skill level 5 in Fighting
  5004 | D:5      | Reached skill level 5 in Dodging
  5865 | D:6      | Noticed a water moccasin
  5869 | D:6      | Killed a water moccasin
  5870 | D:6      | Reached XP level 8. HP: 50/50 MP: 8/8
  5988 | D:6      | Reached skill level 9 in Stealth
  6115 | D:6      | Found a staircase to the Ecumenical Temple.
  6121 | Temple   | Entered the Ecumenical Temple
  6254 | Temple   | Became a worshipper of Dithmenos the Shadowed
  6904 | D:7      | Reached skill level 1 in Invocations
  6950 | D:7      | Found an ornate altar of the Wu Jian Council.
  7076 | D:7      | Found Wazonk's Assorted Antiques.
  7081 | D:7      | Bought a scroll labelled QUOKIA ZEURPHO for 29 gold pieces
  7081 | D:7      | Bought a scroll labelled TEUDOP FUAHOKH for 29 gold pieces
  7126 | D:7      | Noticed a wyvern
  7145 | D:7      | Killed a wyvern
  7293 | D:7      | Reached XP level 9. HP: 34/56 MP: 10/10
  7623 | D:7      | Found Jaokh's Assorted Antiques.
  7626 | D:7      | Bought a sparkling wooden ring for 135 gold pieces
  7626 | D:7      | Identified the ring of Vyolleod {rCorr Str+5} (You bought
                  | it in a shop on level 7 of the Dungeon)
  7693 | D:7      | Reached skill level 10 in Stealth
  7925 | D:7      | Found Dosajut's Jewellery Emporium.
  8032 | D:7      | Found Nylaeq's Assorted Antiques.
  8037 | D:7      | Bought a scroll labelled ZEOMIU VIAJU for 36 gold pieces
  8132 | D:7      | Found a glowing silver altar of Zin.
  8147 | D:7      | Found Lethawuf's Assorted Antiques.
  9275 | D:8      | Noticed Grum
  9395 | D:9      | Noticed Erica
  9396 | D:9      | Killed Erica
  9427 | D:9      | Found a broken altar of Ashenzari.
  9444 | D:9      | Reached skill level 11 in Stealth
  9444 | D:9      | Reached XP level 10. HP: 46/63 MP: 13/13
  9446 | D:9      | Reached * piety under Dithmenos
  9885 | D:9      | Reached skill level 5 in Invocations
  9926 | D:9      | Noticed a two-headed ogre
  9933 | D:9      | Killed a two-headed ogre
 10249 | D:9      | Noticed Pikel
 10372 | D:9      | Killed Pikel
 10695 | D:9      | Reached skill level 12 in Stealth
 10782 | D:9      | Noticed an ice devil
 10782 | D:9      | Noticed an ice devil
 10879 | D:9      | Reached XP level 11. HP: 69/69 MP: 15/15
 10899 | D:9      | Reached skill level 10 in Short Blades
 12068 | D:8      | Noticed a swamp dragon
 12275 | D:7      | Noticed a faun
 12300 | D:7      | Noticed a sea snake
 12351 | D:7      | Noticed a glowing orange brain
 12465 | D:7      | Reached ** piety under Dithmenos
 12532 | D:8      | Killed Grum
 13382 | D:10     | Entered Level 10 of the Dungeon
 13603 | D:10     | Reached skill level 13 in Stealth
 13619 | D:10     | Found a staircase to the Lair.
 13750 | D:10     | Noticed Joseph
 13760 | D:10     | Killed Joseph
 13761 | D:10     | Reached skill level 10 in Dodging
 13761 | D:10     | Noticed Erolcha
 13766 | D:10     | Killed Erolcha
 14576 | D:11     | Found a gate leading to a gauntlet.
 14582 | Gauntlet | Entered a Gauntlet
 14582 | Gauntlet | Found a transporter.
 14590 | Gauntlet | Noticed a death scarab
 14594 | Gauntlet | Found a transporter.
 14610 | Gauntlet | Killed a death scarab
 14854 | Gauntlet | Found a transporter.
 14871 | Gauntlet | Noticed a fire crab
 14872 | Gauntlet | Found a runed translucent door.
 14881 | Gauntlet | Noticed a worldbinder
 14888 | Gauntlet | Found a transporter.
 14893 | Gauntlet | Noticed a necromancer
 14896 | Gauntlet | Noticed a skeletal warrior
 14899 | Gauntlet | Noticed a skeletal warrior
 14901 | Gauntlet | Killed a worldbinder
 14902 | Gauntlet | Reached XP level 12. HP: 51/77 MP: 17/17
 14904 | Gauntlet | Found a transporter.
 14906 | Gauntlet | Noticed a death yak
 14913 | Gauntlet | Noticed a death yak
 14923 | Gauntlet | Found a transporter.
 15018 | Gauntlet | Noticed a death yak
 15024 | Gauntlet | Found a runed translucent gate.
 15024 | Gauntlet | Found a runed translucent gate.
 15024 | Gauntlet | Found a runed translucent gate.
 15028 | Gauntlet | Found a transporter.
 15143 | Gauntlet | Noticed a minotaur
 15216 | Gauntlet | Identified the +0 leather armour of the Loofah {Str-3 Int+3
                  | Slay+5}
 15220 | Gauntlet | Slain by a minotaur

Illustrated notes

Levels and vault maps discovered:
D:1:      evilmike_arrival_crescent, layout_basic,
          chequers_serial_rivers_micro_a, corner_web_ring
D:2:      layout_rooms
D:3:      kennysheep_the_goblin_king, layout_basic,
          hellmonk_ecumenical_altar_zigzags, minmay_circle_x
D:4:      layout_rooms, mainiacjoe_overflow_surrounded_room,
          nicolae_vehumet_radiance
D:5:      layout_rooms, lemuel_doored_altar, uniq_menkaure
D:6:      layout_basic, minmay_temple_entry_statues_fountains, chequers_jeans,
          lemuel_another_geyser
D:7:      layout_basic, mainiacjoe_overflow_alcove_1, kennysheep_mini,
          serial_shops, shop, nicolae_shop_hallway_plus, nicolae_diamond_shop,
          nicolae_square_shop, nicolae_stop_n_shop_2, grunt_ministairs_9
D:8:      layout_basic, minmay_radiant, uniq_grum
D:9:      cheibrodos_frozen_isle, layout_basic, old_standard_altar, uniq_pikel,
          uniq_erica
D:10:     layout_basic, grunt_lair_entry_orc_guard_hut, hangedman_decor_growths,
          uniq_erolcha, uniq_joseph
D:11:     regret_index_harrowing_hell_hive, layout_rooms, erik_orc_3,
          gauntlet_entry_generic, minmay_splitting_lines, minivault_25_ag
Temple:   nicolae_temple_elliptical
Gauntlet: minmay_gauntlet_77_tree [minmay_gauntlet_arena_77_block_sizes,
          minmay_gauntlet_arena_77_shame_cube, minmay_gauntlet_arena_77_braids,
          minmay_gauntlet_arena_77_terracotta_army,
          minmay_gauntlet_arena_77_cramped,
          minmay_gauntlet_arena_77_tiled_triplets,
          minmay_gauntlet_arena_77_run_for_it,
          dreamdust_gauntlet_exit_labyrinth]

Skill      XL: |  1  2  3  4  5  6  7  8  9 10 11 |
---------------+----------------------------------+-----
Short Blades   | 3 4 5 7 8 9 11 | 11.2
Dodging        | 3 4 5 6 7 9 10 | 10.4
Stealth        | 7 8 9 11 12 13 | 13.5
Fighting       | 4 5 6 7 8 9 |  9.8
Invocations    | 2 4 6 7 |  7.8

Action                   |  1- 3 |  4- 6 |  7- 9 | 10-12 || total
-------------------------+-------+-------+-------+-------++-------
Melee: Short sword       |    35 |    42 |       |       ||    77
       Dagger            |       |   184 |    58 |     7 ||   249
       Punch             |       |     1 |     5 |     2 ||     8
       Rapier            |       |       |   112 |   262 ||   374
       Spear             |       |       |       |    23 ||    23
       Scimitar          |       |       |       |    16 ||    16
Evoke: Wand              |       |     6 |     2 |    32 ||    40
  Use: Scroll            |       |       |     8 |    16 ||    24
       Potion            |       |       |     2 |    12 ||    14
 Stab: Sleeping          |    18 |    26 |    21 |    12 ||    77
       Distracted        |       |     1 |     2 |     4 ||     7
       Paralysed         |       |       |       |     1 ||     1
       Invisible         |       |       |       |     1 ||     1
Armor: Leather armour    |     4 |    15 |    17 |     8 ||    44
       Skin              |       |       |     6 |    39 ||    45
       Acid dragon scale |       |       |       |     8 ||     8
Dodge: Dodged            |    11 |   110 |   102 |   165 ||   388

Table legend: (Time is in decaauts)
 A = Elapsed time spent in this place.
 B = Non-inter-level travel time spent in this place.
 C = Inter-level travel time spent in this place.
 D = Time resting spent in this place.
 E = Time spent auto-exploring this place.
 F = Levels seen in this place.
 G = Mean time per level.
                   A        B        C        D        E       F      G
               +--------+--------+--------+--------+--------+-----+--------+
         Total |  15088 |  14298 |    790 |   5151 |   5940 |  13 | 1160.6 |
       Dungeon |  14294 |  13513 |    781 |   4761 |   5805 |  11 | 1299.5 |
        Temple |    160 |    151 |      9 |      0 |    135 |   1 |  160.0 |
      Gauntlet |    632 |    632 |      0 |    390 |      0 |   1 |  632.0 |
               +--------+--------+--------+--------+--------+-----+--------+

Top non-repeatable levels by time:
     D:9: 2857 daAuts
     D:7: 2157 daAuts
     D:3: 1652 daAuts
     D:4: 1296 daAuts
     D:2: 1285 daAuts
     D:8: 1260 daAuts
     D:6: 1238 daAuts
    D:10: 1147 daAuts
     D:1: 887 daAuts
Gauntlet: 632 daAuts
     D:5: 472 daAuts
  Temple: 160 daAuts
    D:11: 37 daAuts
